AoeStats
← no201709

Black Forest

509837038Analyzed
4v4 RM · 5d ago on Sep 28, 2026· 39m 17s· 8 players
Game mode
Random Map
Map size
Large (8 player)
Population
200
Speed
Normal
Resources
Standard
Victory
Conquest
Starting age
Dark Age
Ending age
Imperial Age
RankedLock teamsTeams togetherTeam positionsShared explorationLock speedFull tech treeHidden civsTurbo modeCheats
Victory
Defeat
🇯🇵 Celts · Japan
1078
+13
🇳🇴 Danes · Norway
1044
+14
🇳🇱 Spanish · Netherlands
1006
+16
🇯🇵 Jurchens · Japan
906
+20
🇨🇳 Persians · China
1041
-17
🇨🇳 Cumans · China
1022
-17
🇦🇷 Tatars · Argentina
990
-15
🇹🇭 Khmer · Thailand
969
-14
vdL
0:37 Loom
13:50 Feudal Age
14:36 Double-Bit Axe
15:25 Horse Collar
19:51 Castle Age
25:56 Gold Mining
28:44 Heavy Plow
29:28 Bow Saw
32:26 Stone Mining
34:09 Fortified Wall
35:39 Caravan
36:52 Wheelbarrow
36:03 Town Watch
40:19 Imperial Age
38:26 Town Patrol
38:23 Fletching
38:45 Masonry
39:00 Ballistics
KabachokBeton
13:24 Feudal Age
15:16 Double-Bit Axe
15:15 Horse Collar
17:58 Forging
17:54 Scale Barding Armor
21:43 Castle Age
19:49 Arson
20:13 Gold Mining
20:13 Stone Mining
20:39 Fletching
20:49 Padded Archer Armor
23:11 Husbandry
25:51 Iron Casting
25:38 Chain Barding Armor
28:13 Wheelbarrow
28:19 Heavy Plow
32:53 Bloodlines
37:21 Imperial Age
40:01 Blast Furnace
39:37 Plate Barding Armor
WolfAtic
8:19 Loom
14:14 Feudal Age
15:00 Horse Collar
15:05 Double-Bit Axe
15:01 Fishing Lines
18:22 Man-at-Arms
28:19 Castle Age
26:31 Stone Mining
26:32 Gold Mining
30:12 Bow Saw
29:55 Gillnets
30:08 Heavy Plow
30:47 Gold Shaft Mining
30:48 Stone Shaft Mining
31:43 Fervor
34:25 Imperial Age
35:05 Ballistics
34:09 Elite Skirmisher
34:54 Thumb Ring
35:10 Gambesons
35:13 Arson
35:28 Squires
35:55 Conscription
34:56 Elite Jomsviking
35:53 Caravan
36:21 Onager
36:55 Town Watch
38:57 Wheelbarrow
38:22 Town Patrol
39:00 Forging
38:50 Scale Mail Armor
38:41 Fletching
39:55 Chemistry
38:32 Northmen's Fury
CherniyVeter
1:03 Loom
14:33 Feudal Age
15:04 Double-Bit Axe
15:00 Horse Collar
15:41 Stone Mining
20:54 Castle Age
20:10 Gold Mining
22:20 Bow Saw
22:11 Heavy Plow
22:51 Gold Shaft Mining
22:53 Stone Shaft Mining
23:33 Wheelbarrow
24:35 Scale Mail Armor
28:40 Hand Cart
28:59 Chain Mail Armor
28:55 Forging
35:17 Imperial Age
32:34 Town Watch
33:25 Iron Casting
33:32 Pikeman
33:58 Gambesons
35:03 Stronghold
36:50 Plate Mail Armor
36:45 Halberdier
38:30 Blast Furnace
38:56 Conscription
39:14 Arson
Nixs225
11:32 Feudal Age
16:58 Castle Age
15:26 Double-Bit Axe
15:42 Horse Collar
20:00 Wheelbarrow
19:10 Town Watch
24:44 Scale Barding Armor
24:49 Forging
24:54 Bloodlines
24:05 Light Cavalry
24:46 Husbandry
26:03 Bow Saw
25:55 Heavy Plow
27:34 Loom
28:05 Hand Cart
27:35 Town Watch
33:26 Imperial Age
31:21 Chain Barding Armor
31:37 Iron Casting
33:26 Ballistics
33:54 Onager
34:14 Hussar
35:33 Plate Barding Armor
35:58 Blast Furnace
36:01 Chemistry
34:53 Fletching
35:08 Silk Armor
37:31 Crop Rotation
37:09 Heavy Cavalry Archer
38:33 Padded Archer Armor
38:29 Bodkin Arrow
no201709
2:13 Loom
11:49 Feudal Age
12:53 Double-Bit Axe
13:36 Fletching
15:09 Padded Archer Armor
25:05 Horse Collar
28:25 Wheelbarrow
31:52 Castle Age
30:14 Town Watch
31:12 Gold Mining
31:13 Stone Mining
33:08 Hand Cart
36:56 Imperial Age
35:33 Bow Saw
35:28 Heavy Plow
36:02 Leather Archer Armor
35:58 Squires
35:44 Arson
36:53 Bodkin Arrow
38:16 Conscription
38:39 Ballistics
39:20 Chemistry
AJ老师
0:31 Loom
11:55 Feudal Age
18:04 Castle Age
16:38 Horse Collar
16:50 Gold Mining
16:50 Stone Mining
17:01 Double-Bit Axe
27:26 Wheelbarrow
33:27 Imperial Age
31:13 Hand Cart
31:40 Gold Shaft Mining
31:50 Heavy Plow
32:28 Stone Shaft Mining
32:05 Bow Saw
33:30 Forging
33:25 Scale Barding Armor
34:00 Husbandry
34:10 Bloodlines
34:13 Elite War Elephant
35:55 Iron Casting
35:40 Chain Barding Armor
37:07 Crop Rotation
Grandpa Kev
0:30 Loom
19:53 Feudal Age
27:09 Castle Age
30:45 Gold Mining
30:46 Stone Mining
30:45 Double-Bit Axe
30:45 Horse Collar
Connection lost

Rejoining the realm…

Still unreachable

The connection could not be restored.

Session expired

The server has moved on; the page needs a fresh start.